Map: [ESL] Solaris

Players

Spirit

  • Race: Terran Terran
  • Spawn Location: 1:00

Reynor - Winner!

  • Race: Zerg Zerg
  • Spawn Location: 7:00

Event: ESL SC2 Masters 2023 Winter (Regional)

VOD

Have the link to the VOD?

Description

Time

  • Played on: Nov. 1, 2023, noon
  • Length: 29:39

All games in this series

Show
View Real Time Build Order
Export as new Build Order

Spirit Terran 

Build Orders:  

Get SALT Encoding   

  12  0:00  SCV  
  13  0:12  SCV  
  14  0:18  Supply Depot  
  14  0:24  SCV  
  15  0:40  SCV  
  15  0:42  Barracks  
  16  0:45  Refinery  
  16  0:52  SCV  
  17  0:59  Barracks  
  17  1:04  SCV  
  18  1:16  SCV  
  19  1:29  Orbital Command, Reaper  
  19  1:32  Supply Depot  
  20  1:46  Reaper  
  21  1:54  SCV  
  22  2:06  Bunker, Reaper  
  22  2:07  SCV  
  24  2:19  Command Center  
  24  2:21  SCV  
  25  2:34  SCV  
  26  2:40  Refinery  
  26  2:41  Barracks Reactor  
  26  2:46  SCV  
  26  2:48  Barracks Tech Lab  
  27  2:58  SCV  
  28  3:00  Command Center  
  28  3:07  Stimpack  
  28  3:10  SCV  
  29  3:21  Marine x2  
  31  3:27  Factory  
  31  3:30  SCV, Marine  
  31  3:32  Orbital Command  
  33  3:39  Marine x2  
  35  3:42  SCV  
  35  3:48  Marine  
  37  3:54  SCV  
  38  3:57  Marine x2  
  38  3:59  SCV  
  41  4:05  Marine  
  41  4:06  SCV  
  41  4:08  Bunker  
  43  4:11  SCV  
  43  4:14  Orbital Command  
  43  4:15  Marine x2  
  46  4:19  SCV  
  46  4:21  Factory Reactor, Starport  
  46  4:23  Marine  
  47  4:28  SCV  
  47  4:31  SCV  
  49  4:32  Marine  
  49  4:36  Supply Depot  
  49  4:37  Marine  
  51  4:39  SCV  
  51  4:40  SCV  
  51  4:43  SCV  
  51  4:44  Marine  
  55  4:51  SCV, Marine  
  55  4:52  SCV, Refinery  
  58  4:55  Marine, SCV  
  58  4:57  Combat Shield  
  58  4:59  Supply Depot  
  60  5:04  Factory Tech Lab, Refinery  
  60  5:05  Medivac x2  
  65  5:07  Orbital Command  
  65  5:11  SCV x2  
  65  5:12  Engineering Bay x2  
  66  5:15  Marine  
  66  5:16  Marine  
  66  5:19  Marine  
  69  5:23  SCV  
  69  5:24  SCV  
  69  5:25  Siege Tank  
  74  5:31  Supply Depot  
  74  5:33  SCV, Marine  
  74  5:34  Marine  
  77  5:36  Supply Depot  
  77  5:44  Barracks  
  77  5:52  Medivac, Marine x3, SCV x3  
  85  5:57  Siege Tank  
  85  6:04  SCV  
  85  6:08  Medivac  
  85  6:10  Marine x3, SCV x2  
  91  6:15  Terran Infantry Weapons Level 1  
  91  6:16  SCV  
  91  6:17  Terran Infantry Armor Level 1  
  92  6:22  SCV  
  92  6:23  SCV  
  84  6:28  Marine x3  
  84  6:29  SCV  
  84  6:30  Supply Depot  
  84  6:31  Supply Depot  
  88  6:34  Bunker, SCV  
  88  6:35  SCV  
  88  6:36  Siege Tank  
  92  6:41  SCV  
  93  6:51  SCV x2, Marine x3  
  93  6:53  Supply Depot  
  98  6:58  Barracks  
  98  6:59  Barracks, SCV  
  99  7:03  SCV x2  
  99  7:06  Command Center  
  101  7:08  Starport Reactor  
  101  7:09  Marine x3  
  101  7:11  SCV  
  105  7:20  Supply Depot x2  
  105  7:22  Armory  
  106  7:24  Supply Depot  
  106  7:26  SCV  
  106  7:27  Marine x2  
  109  7:31  Refinery  
  109  7:32  Marine  
  109  7:33  Refinery  
  109  7:36  Supply Depot  
  109  7:37  Supply Depot  
  109  7:42  SCV  
  110  7:45  Marine x2  
  110  7:47  Barracks Reactor x2  
  110  7:48  Marine x2, SCV  
  110  7:49  Factory  
  110  7:50  Marine  
  116  7:57  Medivac  
  116  7:58  Medivac  
  117  8:01  Siege Tank  
  117  8:02  Marine x2  
  122  8:06  Marine x2  
  122  8:08  Marine  
  122  8:12  SCV  
  123  8:14  Terran Infantry Weapons Level 2  
  123  8:17  Terran Infantry Armor Level 2  
  123  8:20  Marine x2  
  123  8:22  SCV x2  
  123  8:24  Marine x2  
  123  8:25  Marine x4  
  123  8:26  Marine  
  134  8:30  SCV  
  134  8:33  Factory Tech Lab  
  135  8:34  SCV x2  
  135  8:35  Siege Tank  
  135  8:38  Marine x2  
  142  8:41  Marine  
  142  8:42  Marine  
  142  8:43  Marine x2  
  142  8:44  SCV  
  142  8:47  Sensor Tower, SCV  
  152  8:49  Sensor Tower  
  152  8:50  SCV, Supply Depot  
  152  8:54  Supply Depot  
  149  8:59  Barracks  
  149  9:00  Planetary Fortress  
  149  9:01  Barracks x2  
  149  9:02  SCV x2  
  151  9:04  SCV  
  151  9:07  Refinery  
  152  9:10  Refinery  
  152  9:14  Terran Vehicle Weapons Level 1, SCV x2  
  152  9:15  Siege Tank  
  157  9:23  Command Center  
  157  9:25  Siege Tank  
  157  9:26  SCV  
  157  9:31  Supply Depot  
  161  9:37  Missile Turret  
  161  9:39  Marine  
  161  9:40  Marauder, Marine  
  161  9:43  Ghost Academy  
  165  9:46  SCV  
  165  9:47  Siege Tank, Supply Depot x2  
  165  9:48  SCV  
  165  9:51  Barracks Tech Lab x3  
  170  9:53  Marine  
  170  9:57  Siege Tank  
  174  10:01  Marauder  
  174  10:02  Command Center  
  174  10:04  Missile Turret  
  176  10:07  Missile Turret  
  176  10:12  Missile Turret  
  180  10:19  Command Center  
  180  10:21  Sensor Tower  
  180  10:22  Command Center  
  180  10:24  Missile Turret x2  
  184  10:28  Ghost x4  
  184  10:45  Siege Tank  
  187  10:51  Starport  
  187  10:53  Fusion Core  
  187  10:56  Command Center  
  187  10:57  Ghost  
  187  10:58  Terran Infantry Weapons Level 3  
  187  11:02  Planetary Fortress  
  188  11:08  Ghost  
  190  11:12  Missile Turret  
  190  11:14  Orbital Command  
  190  11:18  Unknown, Missile Turret  
  190  11:21  Ghost  
  190  11:22  Ghost  
  194  11:29  Command Center  
  194  11:37  Missile Turret  
  196  11:42  Siege Tank  
  196  11:46  Starport Reactor, Advanced Ballistics  
  197  11:54  Liberator  
  196  12:01  Siege Tank  
  196  12:04  Marauder x2, Marine  
  190  12:10  Personal Cloaking  
  190  12:11  Terran Infantry Armor Level 3  
  190  12:13  Terran Vehicle Weapons Level 2  
  190  12:20  Planetary Fortress  
  190  12:22  Marine  
  193  12:23  Marauder  
  193  12:27  Marine  
  193  12:28  Marauder  
  196  12:31  Marine  
  196  12:32  Marauder  
  196  12:36  Marine  
  197  13:00  Siege Tank  
  197  13:02  Marauder, Marine  
  197  13:03  Marauder, Marine x5  
  197  13:04  Siege Tank  
  180  13:05  SCV  
  180  13:08  SCV x2  
  180  13:11  Marauder, Marine  
  180  13:12  Orbital Command  
  174  13:18  SCV  
  165  13:20  SCV x2  
  165  13:21  Liberator  
  165  13:22  Liberator x3  
  177  13:30  SCV  
  177  13:32  Siege Tank, SCV x2  
  183  13:35  Barracks  
  183  13:36  Siege Tank  
  183  13:37  Ghost, Supply Depot  
  183  13:41  Ghost  
  184  13:42  SCV  
  184  13:44  SCV x3  
  175  13:49  SCV  
  175  13:52  Orbital Command  
  175  13:54  SCV  
  173  13:56  SCV x2  
  173  13:58  Refinery  
  173  13:59  Refinery  
  173  14:00  Sensor Tower, Marauder, Marine  
  173  14:01  Marauder, Marine x4  
  185  14:04  Siege Tank, Liberator x2, Marine  
  185  14:05  Orbital Command  
  185  14:06  SCV  
  185  14:08  Siege Tank, Command Center, SCV x2  
  185  14:09  Planetary Fortress  
  198  14:18  SCV  
  198  14:21  Orbital Command  
  198  14:22  SCV  
  199  14:43  Concussive Shells  
  199  14:44  Command Center, Missile Turret  
  199  14:50  Supply Depot  
  199  14:56  SCV  
  192  15:09  Ghost, Marine  
  192  15:11  Marauder  
  192  15:13  Siege Tank, SCV  
  183  15:17  Siege Tank  
  183  15:18  Orbital Command, Marine  
  183  15:19  Orbital Command, Marauder  
  183  15:20  Marine x2  
  178  15:22  Marine  
  178  15:26  Marine  
  180  15:32  SCV  
  180  15:33  Marauder, SCV  
  182  15:36  Marine, Medivac x3  
  182  15:38  Marine, Marauder  
  182  15:40  Marauder  
  182  15:41  SCV x2  
  192  15:43  SCV  
  192  15:45  Siege Tank  
  192  15:47  SCV  
  197  15:51  SCV  
  197  15:56  Marauder  
  200  15:57  Supply Depot  
  200  16:06  Siege Tank  
  200  16:13  Orbital Command  
  198  16:21  Medivac  
  200  16:28  Barracks Tech Lab  
  200  16:31  Orbital Command  
  200  16:33  Barracks  
  200  16:34  Barracks  
  200  16:35  Command Center  
  185  16:55  Medivac, Marauder, Marine  
  185  16:58  Medivac x2  
  185  17:00  Marauder, Marine  
  197  17:01  SCV x2  
  197  17:03  SCV  
  197  17:05  SCV  
  195  17:12  Ghost x2  
  199  17:19  Ghost  
  199  17:21  Ghost  
  199  17:23  SCV x2  
  199  17:26  Supply Depot  
  199  17:28  Command Center  
  199  17:30  Barracks Reactor, Barracks Tech Lab  
  199  17:32  Sensor Tower  
  199  17:34  Starport Reactor  
  199  17:36  Planetary Fortress  
  196  17:41  Unknown  
  196  17:46  SCV x3  
  196  17:47  Marine  
  196  17:49  Missile Turret, Supply Depot  
  200  17:52  Orbital Command  
  200  17:57  SCV  
  200  17:59  Ghost  
  200  18:00  Ghost  
  200  18:09  Supply Depot  
  200  18:25  Command Center, Supply Depot x2  
  200  18:33  Orbital Command  
  171  18:42  Marine  
  171  18:46  Siege Tank, Marine x2  
  171  18:47  Marauder, Marine x4  
  160  18:49  Orbital Command  
  160  18:50  Marauder x3  
  160  18:53  Siege Tank  
  169  18:59  SCV x5  
  169  19:00  Marine  
  175  19:04  Marine x5  
  175  19:05  Marauder  
  175  19:07  Liberator x3  
  175  19:08  Marine  
  189  19:11  SCV x3, Marine x3  
  189  19:13  SCV  
  196  19:18  Siege Tank, Marine  
  200  19:25  Sensor Tower  
  200  19:33  Missile Turret  
  200  19:42  Planetary Fortress  
  200  19:44  Command Center  
  199  19:45  Command Center  
  199  19:50  Sensor Tower  
  199  19:57  Marine  
  200  20:09  Orbital Command  
  200  20:12  Supply Depot  
  170  20:22  Marine x3  
  170  20:24  Marine x2  
  170  20:26  Marine  
  159  20:28  Marauder x3  
  159  20:29  Marauder x2  
  159  20:35  Siege Tank  
  166  20:39  SCV x4  
  166  20:40  Marine x2  
  166  20:41  Sensor Tower  
  166  20:42  Viking x4  
  180  20:46  SCV  
  187  20:50  Marauder x5  
  187  20:51  SCV  
  187  20:53  Siege Tank  
  187  20:56  Planetary Fortress  
  195  21:03  Sensor Tower  
  195  21:04  Missile Turret  
  195  21:07  Siege Tank  
  199  21:11  Marauder x2  
  199  21:12  Viking x3, Ghost  
  199  21:13  Marine  
  200  21:21  Planetary Fortress  
  200  21:26  Orbital Command  
  200  21:29  Missile Turret  
  200  21:34  Command Center, Missile Turret  
  200  21:56  Missile Turret, Refinery  
  200  21:57  Refinery  
  200  21:59  Missile Turret  
  200  22:02  Marine  
  200  22:05  Orbital Command  
  200  22:07  Siege Tank  
  189  22:13  Marauder, Marine  
  189  22:14  Marine  
  189  22:15  Marine  
  182  22:21  Siege Tank  
  185  22:25  Liberator x4  
  197  22:33  Marauder, Marine  
  197  22:35  Missile Turret  
  179  22:51  Ghost  
  179  22:52  Ghost x2  
  179  22:53  Siege Tank  
  179  22:56  Orbital Command  
  186  23:01  Ghost  
  186  23:05  Factory Tech Lab  
  188  23:07  Liberator  
  188  23:08  Liberator x3  
  200  23:17  Marine  
  200  23:25  Siege Tank  
  197  24:12  Engineering Bay  
  197  24:17  Command Center  
  197  24:30  Refinery  
  194  24:35  Refinery  
  194  24:40  Barracks  
  194  24:43  Barracks, Factory  
  194  24:46  Planetary Fortress  
  194  24:49  Orbital Command, Sensor Tower  
  194  24:50  Missile Turret  
  194  24:58  Supply Depot  
  194  24:59  Supply Depot  
  194  25:08  Factory, Armory  
  194  25:21  Starport Reactor  
  194  25:23  Supply Depot  
  194  25:35  Factory Tech Lab  
  183  26:01  Factory Tech Lab x2, Supply Depot  
  182  26:08  Supply Depot  
  182  26:16  Refinery  
  180  26:28  Supply Depot  
  180  26:29  Supply Depot x2  
  180  26:30  Orbital Command, Siege Tank  
  182  26:35  Starport Reactor  
  182  26:39  Orbital Command  
  181  26:42  Factory  
  181  26:43  Barracks Tech Lab  
  174  26:49  Engineering Bay  
  174  26:50  Factory  
  156  27:29  Infernal Pre-Igniter  
  152  27:34  Factory  
  152  27:36  Refinery  
  152  27:50  Supply Depot  
  152  27:53  Supply Depot  
  152  27:54  Supply Depot x2  
  150  28:01  Factory Tech Lab, Factory Reactor  
  149  28:11  Thor x2  
  138  28:20  Marine x2  
  138  28:25  Hellbat x2  
  114  28:46  Hellbat, Marine x2  
  114  28:47  Hellbat  
  103  28:54  Thor  
  103  28:55  Siege Tank  
  111  29:07  Orbital Command  
  111  29:08  Hellbat  
Show
View Real Time Build Order
Export as new Build Order

Reynor Zerg - Winner!

Build Orders: Pool First 

Get SALT Encoding   

  12  0:00  Drone  
  13  0:07  Drone  
  14  0:24  Spawning Pool  
  13  0:28  Drone  
  13  0:35  Overlord  
  14  0:42  Extractor, Drone  
  15  1:05  Hatchery  
  15  1:10  Zergling x4  
  16  1:13  Zergling x2  
  17  1:21  Zergling x2  
  18  1:27  Queen  
  18  1:32  Zergling x2  
  21  1:42  Overlord  
  21  1:53  Extractor  
  20  1:54  Drone  
  21  2:06  Drone  
  21  2:07  Queen  
  24  2:15  Drone  
  24  2:17  Drone  
  25  2:22  Queen  
  25  2:27  Drone x2  
  28  2:36  Drone  
  29  2:38  Drone x2  
  29  2:42  Drone  
  32  2:49  Overlord  
  32  2:52  Drone  
  32  2:54  Drone  
  34  3:00  Drone x2  
  34  3:05  Metabolic Boost  
  36  3:12  Drone x2  
  38  3:23  Drone  
  38  3:24  Drone, Queen  
  38  3:25  Drone  
  38  3:26  Drone  
  44  3:29  Overlord  
  44  3:33  Overlord  
  44  3:48  Hatchery  
  44  3:49  Drone x3  
  46  3:55  Queen  
  46  3:58  Zergling x4  
  50  4:03  Drone x2  
  50  4:08  Overlord  
  52  4:14  Drone x3  
  52  4:15  Drone, Hatchery  
  52  4:17  Drone  
  56  4:20  Drone  
  56  4:22  Queen  
  59  4:30  Evolution Chamber  
  59  4:31  Drone x2, Evolution Chamber  
  60  4:35  Extractor  
  60  4:37  Queen  
  60  4:40  Overlord  
  60  4:44  Zergling x6  
  63  4:46  Drone  
  63  4:48  Drone  
  63  4:49  Drone  
  63  4:51  Drone  
  67  4:53  Zergling x2  
  67  4:59  Zerg Ground Armor Level 1  
  68  5:00  Drone  
  68  5:02  Drone  
  68  5:05  Overlord  
  70  5:07  Zerg Melee Weapons Level 1  
  70  5:08  Drone  
  70  5:09  Drone  
  70  5:11  Drone  
  73  5:15  Queen  
  73  5:17  Drone  
  76  5:21  Overlord  
  76  5:28  Zergling x4  
  78  5:30  Lair  
  78  5:32  Queen  
  78  5:34  Zergling x2  
  81  5:39  Zergling x6  
  81  5:40  Zergling x2  
  81  5:41  Drone x2  
  87  5:49  Zergling x8  
  90  5:52  Drone  
  90  5:55  Baneling Nest  
  90  5:57  Zergling x2  
  86  6:04  Drone x6  
  88  6:07  Overlord  
  88  6:11  Drone  
  89  6:18  Drone x2  
  89  6:19  Drone  
  89  6:20  Extractor  
  89  6:24  Hatchery  
  89  6:25  Drone x3  
  93  6:27  Burrow  
  93  6:28  Extractor, Overlord  
  93  6:29  Zergling x6  
  95  6:34  Zergling x10  
  100  6:41  Centrifugal Hooks  
  100  6:44  Zergling x6  
  102  6:49  Queen  
  102  6:52  Zergling x4  
  106  6:54  Zerg Ground Armor Level 2  
  106  6:58  Zergling x10  
  106  6:59  Zergling x4  
  113  7:03  Zergling x2  
  113  7:05  Overlord  
  110  7:09  Zerg Melee Weapons Level 2  
  110  7:12  Zergling x6  
  110  7:14  Overlord  
  113  7:18  Drone  
  113  7:19  Drone  
  113  7:22  Drone  
  113  7:24  Spore Crawler  
  113  7:25  Drone x6  
  118  7:31  Drone x4  
  118  7:33  Overlord  
  118  7:34  Drone  
  118  7:36  Baneling x5  
  123  7:38  Zergling x2  
  123  7:43  Zergling x2  
  123  7:45  Zergling x4  
  123  7:46  Queen  
  123  7:47  Zergling x2  
  123  7:50  Spore Crawler  
  127  7:58  Zergling x10  
  129  7:59  Zergling x2  
  129  8:03  Drone  
  129  8:04  Drone  
  129  8:05  Overlord  
  132  8:06  Zergling x6  
  132  8:10  Drone x3  
  138  8:13  Infestation Pit  
  138  8:15  Zergling x6  
  138  8:18  Baneling x13  
  140  8:21  Zergling x8  
  140  8:23  Drone  
  145  8:33  Zergling x8  
  149  8:36  Hatchery  
  149  8:39  Zergling x10  
  151  8:43  Overlord x4  
  151  8:52  Hive  
  151  8:54  Pneumatized Carapace  
  151  8:56  Baneling x8  
  149  9:06  Drone x3  
  149  9:07  Drone x3  
  149  9:08  Drone  
  149  9:09  Drone x4, Extractor  
  158  9:10  Drone x3  
  158  9:12  Extractor  
  158  9:14  Zergling x10  
  158  9:16  Drone  
  166  9:23  Hatchery  
  166  9:24  Baneling x6  
  165  9:26  Drone x4  
  165  9:30  Spire  
  168  9:32  Zergling x2  
  168  9:34  Zergling x10  
  168  9:38  Overlord  
  174  9:40  Drone x3  
  174  9:41  Drone x3  
  174  9:44  Drone x2  
  182  9:45  Spore Crawler  
  182  9:48  Spore Crawler x2  
  182  9:49  Baneling x2, Spore Crawler  
  182  9:52  Spore Crawler  
  177  9:58  Hatchery  
  176  10:05  Viper x2  
  176  10:06  Zerg Melee Weapons Level 3  
  182  10:14  Drone  
  182  10:15  Drone x11  
  182  10:17  Extractor  
  192  10:22  Zerg Ground Armor Level 3  
  192  10:24  Extractor  
  192  10:25  Baneling x2, Overlord  
  191  10:31  Spore Crawler  
  191  10:32  Spore Crawler  
  191  10:33  Viper, Spore Crawler  
  191  10:38  Zergling x18  
  198  11:00  Adrenal Glands  
  198  11:01  Zerg Flyer Weapons Level 1  
  195  11:08  Baneling x2  
  195  11:14  Baneling x2  
  195  11:16  Hatchery  
  194  11:23  Drone x3  
  197  11:32  Zergling x4  
  193  11:41  Zergling x12  
  193  11:42  Hatchery  
  193  11:46  Baneling x12  
  193  11:47  Baneling x4  
  198  11:49  Zergling x4  
  198  12:00  Zergling x2  
  198  12:01  Zergling x38  
  199  12:06  Zergling x24  
  199  12:07  Zergling x14  
  193  12:09  Zergling x16  
  193  12:13  Baneling x2  
  197  12:19  Zergling x6  
  200  12:32  Baneling x12  
  199  12:39  Zergling x12  
  200  12:56  Zergling x10  
  193  13:01  Zergling x26  
  193  13:02  Zergling x22  
  186  13:06  Zergling x8  
  186  13:07  Zergling x10  
  186  13:09  Zergling x2  
  186  13:22  Zergling x10  
  186  13:23  Zergling x16  
  199  13:34  Hatchery  
  199  13:40  Hatchery  
  194  13:47  Zergling x50  
  198  13:51  Zergling x8  
  195  13:59  Zergling x10  
  199  14:21  Baneling x41  
  199  14:22  Baneling x6  
  188  14:32  Zergling x24  
  188  14:37  Overseer  
  188  15:03  Zergling x36  
  189  15:11  Zergling x16  
  177  15:15  Zergling x20  
  177  15:20  Zergling x8  
  183  15:22  Zergling x16  
  181  15:32  Corruptor x5  
  181  15:34  Zergling x14  
  192  15:40  Zergling x14, Ultralisk Cavern  
  195  15:45  Baneling x22  
  195  15:46  Viper  
  195  15:47  Drone x4  
  195  15:48  Drone  
  200  15:54  Hatchery  
  195  15:58  Zergling x10  
  200  16:10  Baneling x14  
  199  16:24  Zergling x22  
  200  16:30  Chitinous Plating, Spore Crawler  
  199  16:46  Drone x4  
  175  16:50  Zergling x2  
  175  16:51  Zergling x56  
  193  16:54  Ultralisk x2  
  188  17:13  Hatchery  
  183  17:22  Ultralisk x2  
  188  17:31  Zergling x2  
  188  17:32  Zergling x22  
  188  17:36  Baneling x19  
  200  17:43  Baneling x11  
  200  17:50  Hatchery  
  199  17:58  Zergling x4  
  200  18:03  Overseer x2  
  197  18:07  Zergling x2  
  197  18:08  Zergling x2  
  189  18:41  Zergling x78  
  173  18:42  Zergling x2  
  173  18:45  Ultralisk x2  
  177  18:49  Zergling x8, Ultralisk  
  177  18:51  Zergling x4, Ultralisk x2  
  177  18:53  Zergling x4, Drone  
  177  18:54  Zergling x6  
  199  19:02  Zerg Flyer Weapons Level 2  
  199  19:12  Baneling x18  
  199  19:14  Unknown  
  198  19:21  Baneling x16  
  198  19:22  Zergling x2  
  199  19:25  Hatchery  
  199  19:27  Baneling x10  
  199  19:28  Baneling x2  
  198  19:34  Baneling x6  
  198  19:45  Hatchery  
  197  19:47  Baneling x11  
  197  19:50  Zergling x4  
  179  20:23  Zergling x38  
  179  20:24  Zergling x20  
  179  20:26  Ultralisk  
  179  20:27  Zergling x34  
  193  20:33  Zergling x4, Infestor x2  
  199  20:48  Overlord  
  194  20:51  Baneling x10  
  194  21:03  Zergling x10  
  199  21:07  Extractor  
  199  21:09  Extractor  
  199  21:10  Spore Crawler  
  194  21:19  Greater Spire  
  194  21:20  Zergling x2  
  194  21:21  Zergling x10  
  199  21:34  Neural Parasite  
  197  21:57  Zergling x4  
  198  22:07  Zergling x32  
  200  22:10  Infestor  
  200  22:15  Zergling x24  
  188  22:39  Zergling x28  
  188  22:47  Zergling x14  
  188  22:50  Zergling x2  
  183  22:58  Corruptor x3  
  187  23:11  Corruptor x2  
  188  23:23  Infestor x3  
  189  23:32  Extractor  
  189  23:34  Extractor  
  176  23:43  Zerg Flyer Weapons Level 3  
  176  23:45  Brood Lord x2  
  176  23:46  Brood Lord x6  
  192  23:58  Corruptor x3  
  192  24:00  Overseer  
  197  24:05  Corruptor  
  198  24:20  Overseer  
  198  24:37  Brood Lord  
  200  24:45  Spore Crawler x2  
  197  24:46  Spore Crawler  
  197  24:48  Spore Crawler  
  197  24:49  Spore Crawler x3, Brood Lord x2  
  197  24:50  Spore Crawler  
  194  24:56  Spore Crawler x2  
  194  24:57  Spore Crawler x2  
  194  24:58  Infestor x3, Spore Crawler x2  
  194  25:05  Baneling  
  194  25:06  Baneling x12  
  194  25:16  Extractor, Brood Lord  
  195  25:22  Corruptor x2  
  187  25:49  Zergling x30  
  176  26:00  Corruptor  
  176  26:01  Corruptor x4  
  176  26:02  Brood Lord x2  
  176  26:03  Infestor x4  
  198  26:20  Zerg Flyer Armor Level 1  
  192  26:55  Spore Crawler  
  188  27:08  Corruptor x5  
  159  27:09  Brood Lord  
  159  27:10  Brood Lord x4  
  159  27:13  Zergling x40  
  187  27:22  Zergling x40  
  171  28:46  Zergling x46  
  187  29:06  Overseer  
Tags
 
Add a new tag
Caveats
  • Supply blocks, unpowered buildings, or Contaminate may cause inaccurate times.
  • Supply counts are checked every 10 seconds.